[Event "ICC tourney 2096 (40 10)"]
[Site "Internet Chess Club"]
[Date "2020.11.01"]
[Round "2"]
[White "aec7r3b"]
[Black "Graveytrain06"]
[Result "1-0"]
[ICCResult "Black checkmated"]
[WhiteElo "1344"]
[BlackElo "909"]
[Opening "Philidor's defense"]
[ECO "C41"]
[NIC "KP.10"]
[Time "13:17:46"]
[TimeControl "2400+10"]

1. e4 e5 2. Nf3 d6 3. Bc4 Nh6 4. Nc3 a6 5. h3 g6 6. O-O Bg7 7. d3 O-O 8. Bg5
Qd7 9. Nd5 b5 10. Bb3 c6 11. Nb6 Qa7 12. Nxa8 Qxa8 13. Be7 Re8 14. Bxd6 Be6
15. Bxe6 Rxe6 16. Bb4 a5 17. Bc5 Nd7 18. Be3 c5 19. Qd2 Qf8 20. Qxa5 b4 21.
Qc7 Qe7 22. Qc8+ Bf8 23. Bxh6 f5 24. exf5 gxf5 25. Bxf8 Nxf8 26. Rae1 e4 27.
dxe4 fxe4 28. Nd2 Qf6 29. Nxe4 Qg6 30. Nxc5 Rc6 31. Qb7 Rxc5 32. Qxb4 Qxc2
33. Qg4+ Kh8 34. Re8 Rf5 35. Qd4+ Kg8 36. Re7 Rg5 37. Rfe1 Qc6 38. Qe4 Qf6
39. Re2 Rc5 40. Qg4+ Ng6 41. Re8+ Kf7 42. Qd7+ Ne7 43. R2xe7+ Kg6 44. Re6
Rc1+ 45. Kh2 Qxe6 46. Rxe6+ Kf5 47. Qd5+ Kf4 48. Re4# {Black checkmated} 1-0

[Event "ICC tourney 2096 (40 10)"]
[Site "Internet Chess Club"]
[Date "2020.11.01"]
[Round "2"]
[White "Caseylj"]
[Black "meahulm"]
[Result "1/2-1/2"]
[ICCResult "Game drawn by mutual agreement"]
[WhiteElo "1311"]
[BlackElo "1163"]
[Opening "English: four knights system"]
[ECO "A28"]
[NIC "EO.08"]
[Time "13:17:42"]
[TimeControl "2400+10"]

1. c4 e5 2. Nc3 Nf6 3. Nf3 Nc6 4. d4 exd4 5. Nxd4 Nxd4 6. Qxd4 Be7 7. g3 O-O
8. Bg2 Re8 9. O-O Bb4 10. e3 d6 11. Nd5 Nxd5 12. cxd5 Bc5 13. Qd1 Bf5 14. a3
Qf6 15. Ra2 Bb1 16. Ra1 Bf5 17. Re1 Bb6 18. g4 Bg6 19. Qf3 Qxf3 20. Bxf3 Be4
21. Bg2 f6 22. b4 a5 23. Bd2 axb4 24. axb4 Bxg2 25. Kxg2 Kf7 26. Bc3 Kg6 27.
h4 h5 28. g5 fxg5 29. hxg5 Rxa1 30. Rxa1 Re4 31. Rh1 Rg4+ 32. Kf1 Rxg5 33.
Rg1 Rxg1+ 34. Kxg1 Kh6 35. Kg2 g6 36. Kh3 Kg5 37. Kg3 c6 38. dxc6 bxc6 39.
Bg7 h4+ 40. Kh3 Kh5 41. Bf8 d5 42. Bc5 Bc7 43. f3 Bg3 44. f4 Be1 45. Be7 Bd2
46. Bc5 Be1 47. Be7 {Game drawn by mutual agreement} 1/2-1/2

[Event "ICC tourney 2096 (40 10)"]
[Site "Internet Chess Club"]
[Date "2020.11.01"]
[Round "2"]
[White "Dobralov"]
[Black "lucachesschess"]
[Result "0-1"]
[ICCResult "White resigns"]
[WhiteElo "1436"]
[BlackElo "1333"]
[Opening "Sicilian: Smith-Morra gambit"]
[ECO "B21"]
[NIC "SI.48"]
[Time "13:17:53"]
[TimeControl "2400+10"]

1. e4 c5 2. d4 cxd4 3. c3 d5 4. exd5 Qxd5 5. cxd4 e5 6. dxe5 Qxe5+ 7. Be2
Bd6 8. Nc3 Nf6 9. Nf3 Qe7 10. Bg5 Bf5 11. Nd5 Qe6 12. Nxf6+ gxf6 13. Bd2 Nc6
14. O-O Rg8 15. Re1 Be5 16. Bb5 Qd5 17. Qe2 O-O-O 18. Bxc6 bxc6 19. Qa6+ Kb8
20. Be3 Rxg2+ 21. Kxg2 Rg8+ 22. Kf1 Bd3+ 23. Qxd3 Qxd3+ 24. Re2 Qd5 25. Ng1
Qg2+ {White resigns} 0-1

[Event "ICC tourney 2096 (40 10)"]
[Site "Internet Chess Club"]
[Date "2020.11.01"]
[Round "2"]
[White "Sirichess"]
[Black "bsarvagnya"]
[Result "1-0"]
[ICCResult "Black forfeits on time"]
[WhiteElo "1455"]
[BlackElo "1220"]
[Opening "Giuoco Pianissimo"]
[ECO "C50"]
[NIC "IG.02"]
[Time "13:17:51"]
[TimeControl "2400+10"]

1. e4 e5 2. Nf3 Nc6 3. Bc4 Bc5 4. d3 h6 5. O-O Nf6 6. Be3 Bb6 7. Nc3 d6 8.
h3 Be6 9. Bxb6 axb6 10. Bb3 O-O 11. Bxe6 fxe6 12. a3 Qd7 13. Nh2 Nd4 14. Ne2
Nxe2+ 15. Qxe2 Rae8 16. Rad1 d5 17. Rfe1 Qf7 18. Nf3 Nd7 19. Rf1 Qf4 20. Qd2
dxe4 21. dxe4 Nc5 22. Rfe1 Nxe4 23. Qxf4 Rxf4 24. Re2 Kf7 25. Nxe5+ Kf6 26.
g3 Rf5 27. Ng4+ Kg5 28. Rxe4 h5 29. Ne3 Rf6 30. h4+ Kg6 31. Rd7 Rf7 32. Rxf7
Kxf7 33. Kg2 Kf6 34. Rc4 Re7 35. Rf4+ Ke5 36. Rf8 b5 37. Rh8 g6 38. Rg8 Kf6
39. Rf8+ Ke5 40. Rf4 c6 41. c4 bxc4 42. Rxc4 Kd6 43. g4 b5 44. Rb4 Rb7 45.
g5 c5 46. Rf4 Rg7 47. Rf8 Kd7 48. Nd1 Kc6 49. Nc3 b4 50. axb4 cxb4 51. Na2
b3 52. Nc3 Kc5 53. Rb8 Kc4 54. Rb6 Re7 55. Rb8 Rg7 56. Re8 e5 57. Rxe5 Kd4
58. Rb5 Kc4 59. Rb6 Rg8 60. Nd1 {Black forfeits on time} 1-0

[Event "ICC tourney 2096 (40 10)"]
[Site "Internet Chess Club"]
[Date "2020.11.01"]
[Round "2"]
[White "BulbasaurMaster"]
[Black "MGrei"]
[Result "0-1"]
[ICCResult "White resigns"]
[WhiteElo "1442"]
[BlackElo "1199"]
[Opening "Sicilian: accelerated fianchetto, modern variation"]
[ECO "B34"]
[NIC "SI.33"]
[Time "13:17:47"]
[TimeControl "2400+10"]

1. e4 c5 2. Nf3 Nc6 3. d4 cxd4 4. Nxd4 g6 5. Nc3 Bg7 6. Be3 Nf6 7. f3 O-O 8.
Bc4 Qb6 9. Bb3 Nxe4 10. Nd5 Qa5+ 11. c3 Nf6 12. Nxc6 bxc6 13. Nxe7+ Kh8 14.
Qd6 Ne8 15. Qd2 Qe5 16. Nxc8 Rxc8 17. O-O a5 18. Rae1 Qf5 19. Bc5 Qxc5+ 20.
Kh1 Nf6 21. g4 h6 22. h4 a4 23. Bxa4 Qd5 24. Qxd5 Nxd5 25. Bb3 Rce8 26. Bxd5
cxd5 27. Kg2 Rxe1 28. Rxe1 Rb8 29. Re2 d6 30. Kf1 Kg8 31. Ke1 d4 32. c4 d3
33. Rd2 Rxb2 34. Rxd3 Be5 35. a3 Rc2 36. a4 Ra2 37. Rd2 Bc3 {White resigns}
0-1

[Event "ICC tourney 2096 (40 10)"]
[Site "Internet Chess Club"]
[Date "2020.11.01"]
[Round "2"]
[White "Mannansh"]
[Black "LOCHAR"]
[Result "0-1"]
[ICCResult "White resigns"]
[WhiteElo "1175"]
[BlackElo "1435"]
[Opening "Pirc: Ufimtsev-Pytel variation"]
[ECO "B07"]
[NIC "PU.08"]
[Time "13:17:41"]
[TimeControl "2400+10"]

1. e4 d6 2. d4 Nf6 3. Nc3 c6 4. Nf3 Qa5 5. Bd2 e5 6. Nd5 Qd8 7. Nxf6+ Qxf6
8. Bg5 Qg6 9. Qd3 exd4 10. Qxd4 Bg4 11. Bf4 Be7 12. O-O-O O-O 13. h3 Be6 14.
Bc4 c5 15. Qd3 Nc6 16. Bxe6 Qxe6 17. Qd5 Rad8 18. Rhe1 Nb4 19. Qxe6 fxe6 20.
Bd2 Nxa2+ 21. Kb1 Nb4 22. Bxb4 cxb4 23. Re2 e5 24. Nd2 b5 25. f3 Bg5 26. Nf1
Rf7 27. Ne3 Bxe3 28. Rxe3 Kf8 29. Kc1 Rc7 30. Red3 Ke7 31. Kd2 Rdc8 32. Ke3
Rxc2 33. R1d2 Rxd2 34. Kxd2 Rc5 35. Rd5 Rxd5+ 36. exd5 a5 37. Kd3 Kf6 38. g3
Kf5 39. Ke3 a4 40. Kd3 a3 41. bxa3 bxa3 42. Kc2 e4 43. fxe4+ Kxe4 44. Kb3 b4
45. Ka2 Kxd5 46. Kb3 Ke4 {White resigns} 0-1

[Event "ICC tourney 2096 (40 10)"]
[Site "Internet Chess Club"]
[Date "2020.11.01"]
[Round "2"]
[White "TomGilmour"]
[Black "lerui"]
[Result "1-0"]
[ICCResult "Black checkmated"]
[WhiteElo "1244"]
[BlackElo "1144"]
[Opening "Scotch game"]
[ECO "C45"]
[NIC "SO.04"]
[Time "13:17:41"]
[TimeControl "2400+10"]

1. e4 e5 2. Nf3 Nc6 3. d4 exd4 4. Nxd4 Nxd4 5. Qxd4 d6 6. Nc3 Nf6 7. Bc4 Be7
8. O-O O-O 9. f4 Be6 10. Be2 c5 11. Qf2 h6 12. f5 Bd7 13. Qg3 Kh7 14. Bf4
Bc6 15. Bc4 Nh5 16. Qg4 Nxf4 17. Rxf4 Bf6 18. Bxf7 Rxf7 19. Qg6+ Kg8 20. Rg4
Bd4+ 21. Kh1 Qf6 22. Qh5 Bxc3 23. bxc3 Qxc3 24. Rf1 Rf6 25. h3 Bb5 26. Rf3
Be2 27. Rxc3 Bxg4 28. Qxg4 Kh7 29. Rg3 Rg8 30. c4 b6 31. a4 a5 32. Kg1 Kh8
33. Kf2 Kh7 34. Ke3 Kh8 35. Kf4 Kh7 36. e5 dxe5+ 37. Kxe5 Re8+ 38. Kf4 g5+
39. Kf3 Re5 40. Kf2 Rexf5+ 41. Kg1 Kg6 42. Qe4 Kg7 43. Qe7+ Rf7 44. Qd6 R5f6
45. Qe5 Kg6 46. Rf3 Rxf3 47. gxf3 Rf6 48. Kg2 h5 49. h4 gxh4 50. f4 Rf7 51.
Qg5+ Kh7 52. Qxh5+ Kg8 53. Qxh4 Rg7+ 54. Kf3 Kf7 55. Qd8 Rg6 56. Qd7+ Kf6
57. Ke4 Rh6 58. Qf5+ Kg7 59. Ke5 Rg6 60. Qd7+ Kh6 61. f5 Rg7 62. Qd6+ Kh7
63. Qxb6 Re7+ 64. Qe6 Rxe6+ 65. fxe6 Kg7 66. Kd6 Kf8 67. Kd7 Kg7 68. e7 Kf7
69. e8=Q+ Kf6 70. Qd8+ Kg6 71. Qxa5 Kf7 72. Qxc5 Kf6 73. Qd5 Kg6 74. Qe5 Kf7
75. a5 Kf8 76. a6 Kf7 77. a7 Kf8 78. a8=Q+ Kf7 79. Qa7 Kg6 80. Qb6+ Kh7 81.
Kc6 Kg6 82. Kb5+ Kf7 83. Qec7+ Kf8 84. Qbb8# {Black checkmated} 1-0

[Event "ICC tourney 2096 (40 10)"]
[Site "Internet Chess Club"]
[Date "2020.11.01"]
[Round "3"]
[White "solveur"]
[Black "Haydogh20"]
[Result "1-0"]
[ICCResult "Black checkmated"]
[WhiteElo "1333"]
[BlackElo "1038"]
[Opening "QGD Slav defense"]
[ECO "D10"]
[NIC "SL.01"]
[Time "15:32:42"]
[TimeControl "2400+10"]

1. d4 d5 2. c4 c6 3. e3 Nf6 4. Nc3 Bf5 5. Nf3 e6 6. cxd5 cxd5 7. Bd3 Bxd3 8.
Qxd3 a6 9. O-O Nc6 10. a3 Bd6 11. Bd2 Qc7 12. h3 O-O-O 13. b4 h6 14. b5 axb5
15. Nxb5 Qb8 16. Rfc1 Kd7 17. Nxd6 Qxd6 18. Rab1 Rb8 19. Bb4 Nxb4 20. Rxb4
g5 21. Rcb1 Qc7 22. Ne5+ Ke7 23. Qb3 h5 24. Rxb7 Rxb7 25. Qxb7 Qxb7 26.
Rxb7+ Kf8 27. Rxf7+ Ke8 28. Rxf6 Ke7 29. Rf7+ Kd6 30. Rd7# {Black
checkmated} 1-0

[Event "ICC tourney 2096 (40 10)"]
[Site "Internet Chess Club"]
[Date "2020.11.01"]
[Round "3"]
[White "Graveytrain06"]
[Black "TomGilmour"]
[Result "0-1"]
[ICCResult "White checkmated"]
[WhiteElo "891"]
[BlackElo "1245"]
[Opening "Sicilian: O'Kelly variation"]
[ECO "B28"]
[NIC "SI.43"]
[Time "15:31:56"]
[TimeControl "2400+10"]

1. e4 c5 2. Nf3 a6 3. c3 e6 4. e5 d6 5. exd6 Bxd6 6. d4 cxd4 7. Nxd4 e5 8.
Nf5 Bxf5 9. Bd3 Bxd3 10. Qxd3 Nf6 11. O-O O-O 12. Nd2 e4 13. Nxe4 Bxh2+ 14.
Kxh2 Qxd3 15. Nxf6+ gxf6 16. Bh6 Re8 17. Rfd1 Qe2 18. b4 Qh5+ 19. Kg1 Qxh6
20. Rd7 Nxd7 21. Rd1 Re7 22. c4 Rae8 23. g3 Re1+ 24. Rxe1 Rxe1+ 25. Kg2 Qh1#
{White checkmated}
0-1

[Event "ICC tourney 2096 (40 10)"]
[Site "Internet Chess Club"]
[Date "2020.11.01"]
[Round "3"]
[White "Eric0211"]
[Black "adma2028"]
[Result "1-0"]
[ICCResult "Black checkmated"]
[WhiteElo "1534"]
[BlackElo "1418"]
[Opening "Ruy Lopez: exchange variation, 5.O-O"]
[ECO "C68"]
[NIC "RL.08"]
[Time "15:31:49"]
[TimeControl "2400+10"]

1. e4 e5 2. Nf3 Nc6 3. Bb5 a6 4. Bxc6 dxc6 5. O-O Bd6 6. d4 exd4 7. Qxd4 Bf8
8. Qxd8+ Kxd8 9. Bf4 Bg4 10. Ne5 Be6 11. Nd2 Bd6 12. Bg3 Nf6 13. Rfe1 Re8
14. Nef3 Bxg3 15. hxg3 Ke7 16. Nb3 Bxb3 17. axb3 Kf8 18. Rad1 Rxe4 19. Rxe4
Nxe4 20. Rd7 Nd6 21. Rxc7 Ke8 22. Ne5 Kd8 23. Rd7+ Ke8 24. Rxd6 Ke7 25. Rd1
Re8 26. Nf3 h6 27. Re1+ Kd7 28. Rxe8 Kxe8 29. Kf1 Ke7 30. Ke2 Ke6 31. Ke3 c5
32. Ne1 g5 33. Nd3 b6 34. c4 f5 35. f3 Kd6 36. f4 g4 37. Ne5 Ke6 38. Kd3 b5
39. cxb5 axb5 40. Kc3 Kd5 41. b4 c4 42. Nxc4 bxc4 43. b5 Kc5 44. b6 Kxb6 45.
Kxc4 Kc6 46. b4 Kb6 47. b5 h5 48. Kd5 Kxb5 49. Ke5 Kc5 50. Kxf5 Kd6 51. Kg5
Ke6 52. Kxh5 Kf6 53. Kxg4 Kg6 54. f5+ Kf6 55. Kf4 Kf7 56. g4 Kf6 57. g5+ Kg7
58. f6+ Kg6 59. g4 Kf7 60. Kf5 Kf8 61. g6 Kg8 62. f7+ Kf8 63. Ke6 Kg7 64.
Ke7 Kxg6 65. f8=Q Kh7 66. Qf7+ Kh8 67. Qf1 Kg7 68. Qf6+ Kh7 69. Qg5 Kh8 70.
Kf7 Kh7 71. Qg7# {Black checkmated} 1-0

[Event "ICC tourney 2096 (40 10)"]
[Site "Internet Chess Club"]
[Date "2020.11.01"]
[Round "3"]
[White "danielfan"]
[Black "niftyfountain"]
[Result "0-1"]
[ICCResult "White checkmated"]
[WhiteElo "481"]
[BlackElo "1394"]
[Opening "Sicilian"]
[ECO "B56"]
[NIC "SI.25"]
[Time "15:31:55"]
[TimeControl "2400+10"]

1. e4 c5 2. Nf3 d6 3. d4 cxd4 4. Nxd4 Nf6 5. Nc3 Nc6 6. Bb5 Bd7 7. Nxc6 Bxc6
8. Bd3 g6 9. O-O Bg7 10. Re1 O-O 11. Bc4 Rc8 12. a3 Bxe4 13. Bxf7+ Rxf7 14.
Nxe4 Nxe4 15. Rxe4 Kh8 16. Re1 Qc7 17. c3 Qb6 18. Rf1 Rcf8 19. Qe2 Qc5 20.
Be3 Qe5 21. Rae1 a6 22. Bd4 Qxe2 23. Bxg7+ Kxg7 24. Rxe2 Rc8 25. Rc1 Rc6 26.
Rec2 Rf5 27. b4 Rc4 28. a4 a5 29. bxa5 Rxa5 30. Rb2 Rc7 31. Ra2 Rac5 32.
Rac2 Rc4 33. h3 Rxa4 34. c4 Ra5 35. Kf1 Rac5 36. Ke2 b5 37. Kd3 bxc4+ 38.
Rxc4 Rxc4 39. Rxc4 Rxc4 40. Kxc4 Kf6 41. Kd4 e6 42. f4 g5 43. fxg5+ Kxg5 44.
g3 h5 45. Kc4 e5 46. Kd5 h4 47. g4 Kf4 48. Kc4 e4 49. Kc3 d5 50. Kd2 d4 51.
Ke2 e3 52. Ke1 d3 53. Kd1 e2+ 54. Ke1 Ke3 55. g5 d2# {White checkmated} 0-1

[Event "ICC tourney 2096 (40 10)"]
[Site "Internet Chess Club"]
[Date "2020.11.01"]
[Round "3"]
[White "Gnanathan"]
[Black "Dobralov"]
[Result "0-1"]
[ICCResult "White checkmated"]
[WhiteElo "1078"]
[BlackElo "1487"]
[Opening "Sicilian defense"]
[ECO "B30"]
[NIC "SI.31"]
[Time "15:32:07"]
[TimeControl "2400+10"]

1. e4 c5 2. Nf3 Nc6 3. Nc3 d6 4. Bb5 g6 5. O-O Bg7 6. d3 Nf6 7. Bg5 O-O 8.
Qd2 a6 9. Bxc6 bxc6 10. Bh6 Bxh6 11. Qxh6 Ng4 12. Qh4 f6 13. h3 Ne5 14. Nxe5
fxe5 15. f4 exf4 16. Rxf4 Rxf4 17. Qxf4 Be6 18. Rf1 Qf8 19. Qg5 Qg7 20. Qe3
Rb8 21. Rb1 Rb6 22. Qd2 Qe5 23. b3 Rb8 24. Ne2 Rf8 25. Qc3 Qg5 26. Kh2 Rf2
27. Ng3 h5 28. Rf1 h4 29. Rxf2 hxg3+ 30. Kg1 gxf2+ 31. Kxf2 Qf6+ 32. Qxf6
exf6 33. g4 d5 34. c4 dxe4 35. dxe4 f5 36. exf5 gxf5 37. g5 Kg7 38. h4 Kg6
39. Kf3 Kh5 40. Kf4 Kxh4 41. g6 Kh5 42. g7 Kg6 43. Ke5 Kxg7 44. Kxe6 f4 45.
Kd6 f3 46. Kxc6 f2 47. Kxc5 f1=Q 48. Kb6 Qf6+ 49. Ka5 Qe5+ 50. Kb4 a5+ 51.
Ka3 Qc5+ 52. Kb2 Kf6 53. a3 Ke5 54. Kc3 Qd4+ 55. Kc2 Ke4 56. a4 Qd3+ 57. Kb2
Kd4 58. Ka3 Qb1 59. b4 Kc3 60. b5 Qb3# {White checkmated} 0-1

[Event "ICC tourney 2096 (40 10)"]
[Site "Internet Chess Club"]
[Date "2020.11.01"]
[Round "3"]
[White "chessdoc13"]
[Black "inbha"]
[Result "0-1"]
[ICCResult "White resigns"]
[WhiteElo "1144"]
[BlackElo "1289"]
[Opening "English opening"]
[ECO "A15"]
[NIC "EO.64"]
[Time "15:31:53"]
[TimeControl "2400+10"]

1. c4 Nf6 2. Nf3 g6 3. e3 Bg7 4. Be2 d6 5. O-O Nc6 6. d4 e6 7. Nc3 O-O 8. b3
b6 9. Bb2 Bb7 10. Rc1 Qd7 11. a3 Rfe8 12. b4 a6 13. Qc2 e5 14. d5 Ne7 15. h3
Nf5 16. e4 Nh6 17. Qd2 Nh5 18. Ng5 Nf4 19. Bf3 f6 20. Ne6 Nxe6 21. dxe6 Qxe6
22. Nd5 Rac8 23. Qe2 Qf7 24. Ne3 Kh8 25. g4 Ng8 26. Ng2 Ne7 27. Rc2 f5 28.
g5 fxe4 29. Bxe4 Bxe4 30. Qxe4 Qf5 31. Qxf5 Nxf5 32. Ne3 Nd4 33. Bxd4 exd4
34. Nd5 Re5 35. f4 Ree8 36. Rd2 b5 37. Rc1 c5 38. bxc5 dxc5 39. cxb5 axb5
40. Nb6 Rc6 41. Nd7 c4 42. h4 Re3 43. Nf6 Bxf6 44. gxf6 d3 45. Rb1 c3 46. f7
Kg7 47. Kf2 cxd2 48. Kxe3 Rc1 49. Rxb5 d1=Q 50. f8=Q+ Kxf8 51. Rb8+ Kg7 52.
Rb7+ Kh6 {White resigns} 0-1

[Event "ICC tourney 2096 (40 10)"]
[Site "Internet Chess Club"]
[Date "2020.11.01"]
[Round "3"]
[White "Caseylj"]
[Black "allenfan"]
[Result "1-0"]
[ICCResult "Black checkmated"]
[WhiteElo "1315"]
[BlackElo "535"]
[Opening "English: Bradley Beach variation"]
[ECO "A28"]
[NIC "EO.08"]
[Time "15:32:00"]
[TimeControl "2400+10"]

1. c4 e5 2. Nc3 Nf6 3. Nf3 Nc6 4. d4 e4 5. Nd2 Bb4 6. e3 O-O 7. Qb3 Bxc3 8.
Qxc3 d5 9. b4 a5 10. a3 axb4 11. axb4 Rxa1 12. Qxa1 Nxb4 13. Qb2 Nc6 14. Be2
Qd6 15. c5 Qe6 16. h3 Qf5 17. g4 Qg6 18. f3 exf3 19. Bxf3 Qh6 20. Nf1 Qh4+
21. Qf2 Qxf2+ 22. Kxf2 Ne4+ 23. Bxe4 dxe4 24. Ng3 f5 25. Nxf5 Bxf5 26. gxf5
Rxf5+ 27. Kg3 Rf3+ 28. Kg2 Ne7 29. Rf1 Ng6 30. Rxf3 Nh4+ 31. Kg3 Nxf3 32.
Kf4 Ng1 33. Kxe4 Nxh3 34. Kf5 Kf7 35. e4 g6+ 36. Kg4 Nf2+ 37. Kf3 Nd3 38.
Bf4 Nxf4 39. Kxf4 b6 40. cxb6 cxb6 41. d5 Ke7 42. Ke5 h5 43. d6+ Kd7 44. Kd5
h4 45. e5 h3 46. e6+ Kd8 47. Kc6 h2 48. e7+ Ke8 49. Kc7 Kf7 50. Kd7 h1=Q 51.
e8=Q+ Kf6 52. Qe7+ Kf5 53. Qe6+ Kf4 54. Qxg6 Qh3+ 55. Qe6 Qh7+ 56. Qe7 Qf5+
57. Qe6 Qh7+ 58. Kc6 b5 59. d7 Qc2+ 60. Kxb5 Qb2+ 61. Kc5 Qc2+ 62. Qc4+
Qxc4+ 63. Kxc4 Ke5 64. d8=Q Ke6 65. Qd5+ Kf6 66. Kd4 Kg6 67. Ke4 Kh6 68. Qg8
Kh5 69. Kf5 Kh4 70. Qg4# {Black checkmated} 1-0

[Event "ICC tourney 2096 (40 10)"]
[Site "Internet Chess Club"]
[Date "2020.11.01"]
[Round "3"]
[White "lucachesschess"]
[Black "Sirichess"]
[Result "1/2-1/2"]
[ICCResult "Game drawn because neither player has mating material"]
[WhiteElo "1325"]
[BlackElo "1429"]
[Opening "Queen's pawn: Charlick (Englund) gambit"]
[ECO "A40"]
[NIC "QO.17"]
[Time "15:31:48"]
[TimeControl "2400+10"]

1. d4 e5 2. dxe5 Nc6 3. Nf3 Qe7 4. Qd5 Qb4+ 5. Nc3 Nge7 6. Qb5 Ng6 7. Qxb4
Bxb4 8. Bd2 Ngxe5 9. Nxe5 Nxe5 10. Nd5 Bxd2+ 11. Kxd2 Kd8 12. e4 c6 13. Ne3
d6 14. Be2 Ke7 15. f4 Ng6 16. g3 f6 17. Nf5+ Bxf5 18. exf5 Nf8 19. Bc4 d5
20. Bb3 Kd6 21. Rhe1 Rd8 22. Rad1 Nd7 23. c4 dxc4 24. Kc3+ Kc7 25. Bxc4 Rhe8
26. b4 Nb6 27. Be6 Rxd1 28. Rxd1 Re7 29. h4 Nd7 30. g4 Nf8 31. Re1 b6 32.
Kc4 g6 33. h5 g5 34. fxg5 fxg5 35. Rf1 Kd6 36. Rd1+ Ke5 37. Bc8 Kf6 38. Rd8
Kf7 39. h6 Re4+ 40. Kc3 Rxg4 41. Be6+ Nxe6 42. fxe6+ Kxe6 43. Rh8 Rh4 44.
Rxh7 g4 45. Rg7 g3 46. Rxg3 Rxh6 47. Rg7 Rh3+ 48. Kb2 a5 49. Rb7 Rh4 50.
bxa5 bxa5 51. Ra7 Rh5 52. Kb3 c5 53. Kc4 Rh4+ 54. Kxc5 Ra4 55. Kb5 Rxa2 56.
Rxa5 Rxa5+ 57. Kxa5 {Game drawn because neither player has mating material}
1/2-1/2

[Event "ICC tourney 2096 (40 10)"]
[Site "Internet Chess Club"]
[Date "2020.11.01"]
[Round "3"]
[White "EricCheng-131"]
[Black "aec7r3b"]
[Result "1/2-1/2"]
[ICCResult "Game drawn by repetition"]
[WhiteElo "1102"]
[BlackElo "1334"]
[Opening "Giuoco Piano"]
[ECO "C54"]
[NIC "IG.02"]
[Time "15:31:54"]
[TimeControl "2400+10"]

1. e4 e5 2. Nf3 Nc6 3. Bc4 Bc5 4. c3 Nf6 5. d4 exd4 6. cxd4 Bb4+ 7. Bd2 Nxe4
8. Bxb4 Nxb4 9. Bxf7+ Kxf7 10. Qb3+ d5 11. Qxb4 Re8 12. O-O Kg8 13. Nc3 a5
14. Qb3 c6 15. Rfe1 Bf5 16. Qxb7 Qd6 17. Qb3 Reb8 18. Nxe4 Bxe4 19. Qc3 Rb4
20. a3 Rc4 21. Qb3 Rb8 22. Qa2 Bg6 23. Rac1 Ra4 24. Ne5 Rb6 25. Nxg6 Qxg6
26. Rcd1 Qc2 27. Re8+ Kf7 28. Rde1 Rxb2 29. R8e7+ Kg8 30. Re8+ Kf7 31. R8e7+
Kf8 32. Re8+ Kf7 33. R8e7+ Kg6 34. R7e6+ Kf7 35. Re7+ {Game drawn by
repetition} 1/2-1/2

[Event "ICC tourney 2096 (40 10)"]
[Site "Internet Chess Club"]
[Date "2020.11.01"]
[Round "3"]
[White "awesomehead5"]
[Black "BulbasaurMaster"]
[Result "0-1"]
[ICCResult "White checkmated"]
[WhiteElo "947"]
[BlackElo "1467"]
[Opening "Giuoco Piano"]
[ECO "C50"]
[NIC "IG.02"]
[Time "15:31:57"]
[TimeControl "2400+10"]

1. e4 e5 2. Nf3 Nc6 3. Bc4 Bc5 4. O-O Nf6 5. Nc3 O-O 6. d3 h6 7. Re1 d6 8.
h3 Be6 9. Bxe6 fxe6 10. Be3 Bb6 11. d4 exd4 12. Nxd4 Qe7 13. Nxc6 bxc6 14.
Qd3 Rad8 15. Bd2 Nh7 16. Qg3 Bxf2+ 17. Qxf2 Rxf2 18. Kxf2 Rf8+ 19. Kg1 Ng5
20. Ne2 Nxe4 21. Be3 a6 22. Nd4 c5 23. Nf3 Qf6 24. Rf1 Qxb2 25. Rab1 Qxc2
26. a3 Ng3 27. Rfc1 Ne2+ 28. Kh2 Nxc1 29. Rxc1 Qd3 30. Re1 Qxa3 31. Bf2 c4
32. Rxe6 c3 33. Nd4 Rxf2 34. Re8+ Rf8 35. Re7 Qc5 36. Ne6 Qe5+ 37. g3 Rf2+
38. Kg1 Qe1# {White checkmated} 0-1

[Event "ICC tourney 2096 (40 10)"]
[Site "Internet Chess Club"]
[Date "2020.11.01"]
[Round "3"]
[White "haarim"]
[Black "charlestxie"]
[Result "1/2-1/2"]
[ICCResult "Game drawn by mutual agreement"]
[WhiteElo "1447"]
[BlackElo "1341"]
[Opening "French: Tarrasch, closed variation, main line"]
[ECO "C06"]
[NIC "FR.17"]
[Time "15:31:52"]
[TimeControl "2400+10"]

1. e4 e6 2. d4 d5 3. Nd2 Nf6 4. e5 Nfd7 5. Bd3 c5 6. c3 Nc6 7. Ne2 cxd4 8.
cxd4 Be7 9. O-O O-O 10. a3 a5 11. Qc2 f5 12. exf6 Nxf6 13. Nf3 h6 14. Re1
Bd6 15. Bf4 Ne7 16. Bxd6 Qxd6 17. Ne5 Bd7 18. Nxd7 Nxd7 19. Rac1 Rac8 20.
Qd2 Nc6 21. Bb5 Nb6 22. Rc3 Rc7 {Game drawn by mutual agreement} 1/2-1/2

[Event "ICC tourney 2096 (40 10)"]
[Site "Internet Chess Club"]
[Date "2020.11.01"]
[Round "3"]
[White "PotatoBoi717"]
[Black "Mannansh"]
[Result "0-1"]
[ICCResult "White resigns"]
[WhiteElo "1213"]
[BlackElo "1216"]
[Opening "Scandinavian defense"]
[ECO "B01"]
[NIC "SD.03"]
[Time "15:31:53"]
[TimeControl "2400+10"]

1. e4 d5 2. exd5 Nf6 3. Nf3 Nxd5 4. d4 Bf5 5. c4 Nb6 6. Nc3 g6 7. g3 Bg7 8.
Bg2 O-O 9. O-O Nxc4 10. Qb3 Nb6 11. Ne5 Qxd4 12. Nf3 Qc4 13. Qxc4 Nxc4 14.
Ng5 Nc6 15. Bd5 N4e5 16. Nb5 a6 17. Nc3 Rad8 18. Bxc6 Nxc6 19. Bf4 Nd4 20.
Bxc7 Rd7 21. Bb6 Rc8 22. Bxd4 Rxd4 23. Nf3 Rd3 24. Nd1 Rxf3 {White resigns}
0-1

[Event "ICC tourney 2096 (40 10)"]
[Site "Internet Chess Club"]
[Date "2020.11.01"]
[Round "3"]
[White "smartgoldfish"]
[Black "amdink"]
[Result "1/2-1/2"]
[ICCResult "Game drawn by repetition"]
[WhiteElo "327"]
[BlackElo "1334"]
[Opening "Ruy Lopez: 5.O-O"]
[ECO "C78"]
[NIC "RL.12"]
[Time "15:31:53"]
[TimeControl "2400+10"]

1. e4 e5 2. Nf3 Nc6 3. Bb5 a6 4. Ba4 Nf6 5. O-O b5 6. Bb3 Bc5 7. Nxe5 Nxe5
8. d4 Bxd4 9. Qxd4 Nc6 10. Qd3 O-O 11. Bg5 Ne5 12. Qe3 h6 13. Bh4 Bb7 14.
Nc3 Ng6 15. Bg3 Re8 16. Qf3 Bxe4 17. Nxe4 Rxe4 18. Rfe1 Rxe1+ 19. Rxe1 d6
20. Qd3 d5 21. c3 c6 22. a4 Ne4 23. h3 Nxg3 24. Qxg3 Qa5 25. Qg4 Qc7 26. Qf5
Nf4 27. Bc2 g6 28. Qf6 Nh5 29. Qh4 Kg7 30. Bxg6 Kxg6 31. Qg4+ Kh7 32. Qxh5
Rg8 33. Qh4 Qd6 34. Re7 Qg6 35. g3 Rg7 36. axb5 axb5 37. Re8 Qb1+ 38. Kh2
Qxb2 39. Qd4 Qc2 40. Qc5 Qd2 41. Rc8 Rg6 42. Kg2 Qc2 43. Qf8 Qxc3 44. Qxf7+
Qg7 45. Qf4 Rf6 46. Qb8 Rf7 47. Rxc6 Qb2 48. Qb6 Qd2 49. Rg6 b4 50. Rc6 b3
51. Rc7 Rxc7 52. Qxc7+ Kg6 53. Qb6+ Kh7 54. Qxb3 d4 55. Qf7+ Kh8 56. Qf8+
Kh7 57. Qf7+ Kh8 58. Qf8+ Kh7 59. Qf7+ {Game drawn by repetition} 1/2-1/2

[Event "ICC tourney 2096 (40 10)"]
[Site "Internet Chess Club"]
[Date "2020.11.01"]
[Round "3"]
[White "bsarvagnya"]
[Black "DaveGriffin"]
[Result "1-0"]
[ICCResult "Black resigns"]
[WhiteElo "1237"]
[BlackElo "1168"]
[Opening "French: exchange variation"]
[ECO "C01"]
[NIC "FR.01"]
[Time "15:32:42"]
[TimeControl "2400+10"]

1. e4 e6 2. d4 d5 3. exd5 exd5 4. Nf3 c5 5. c3 Bd6 6. Bb5+ Bd7 7. Bxd7+ Nxd7
8. O-O Ne7 9. Re1 O-O 10. dxc5 Nxc5 11. Bg5 Ne6 12. Bd2 a6 13. Be3 b5 14.
Nd4 Qd7 15. Nd2 Rac8 16. N2f3 b4 17. cxb4 Bxb4 18. Re2 Nc6 19. Nxc6 Rxc6 20.
Ne5 Qd6 21. Nxc6 Qxc6 22. Rc1 Qd6 23. a3 Ba5 24. b4 Bc7 25. g3 d4 26. Bd2 d3
27. Re3 Bb6 28. Re1 Qd5 29. Be3 Nd4 30. Bxd4 Bxd4 31. Qd2 Rd8 32. Rcd1 g6
33. h3 Qd6 34. Kh2 Bb6 35. Qf4 Qxf4 36. gxf4 Bxf2 37. Rf1 Be3 38. Rf3 Bb6
39. Rfxd3 Rxd3 40. Rxd3 a5 41. bxa5 Bxa5 42. Rd5 Bb6 43. a4 Kf8 44. a5 Be3
45. Kg3 Ke7 46. Re5+ {Black resigns} 1-0